 Dungeon Crawl Stone Soup version 0.19-a0-3-g95c6029 (webtiles) character file.

323 Minkie the Sneak (level 6, -1/41 HPs)
             Began as a Vampire Enchanter on Apr 28, 2016.
             Slain by a river rat (9 damage)
             ... on level 3 of the Dungeon.
             The game lasted 00:06:55 (2031 turns).

Minkie the Sneak (Vampire Enchanter)                Turns: 2031, Time: 00:06:55

Health: -1/41      AC:  3    Str:  7    XL:     6   Next: 23%
Magic:  10/10      EV: 13    Int: 18    God:
Gold:   108        SH:  0    Dex: 16    Spells: 2 memorised, 8 levels left

rFire  + . .     SeeInvis +     t - +1 dagger (venom)
rCold  + + .     Gourm    .     b - +1 robe
rNeg   + + +     Faith    .     (no shield)
rPois  +         Spirit   .     (no helmet)
rElec  .         Dismiss  .     (no cloak)
rCorr  .         Reflect  .     (no gloves)
SustAt .         Harm     .     (no boots)
MR     .....                    (no amulet)
Stlth  ++++......               l - ring of wizardry
                                h - ring of protection from fire

@: regenerating slowly, not resistant to hostile enchantments, stealthy
A: fangs 3, see invisible, unbreathing
a: Bat Form


You were on level 3 of the Dungeon.
You were near bloodless.

You visited 1 branch of the dungeon, and saw 3 of its levels.

You collected 108 gold pieces.

Inventory:

Hand Weapons
 t - a +1 dagger of venom (weapon)
Armour
 b - a +1 robe (worn)
 k - a +0 buckler
Jewellery
 h - a ring of protection from fire (left hand)
 l - a ring of wizardry (right hand)
Wands
 q - a wand of random effects (19/48)
Scrolls
 a - a scroll of amnesia {unknown}
 e - 4 scrolls of teleportation {unknown}
 f - a scroll of immolation {unknown}
 g - a scroll of remove curse {unknown}
 i - a scroll of noise {unknown}
 j - a scroll of enchant weapon {unknown}
 m - 3 scrolls of recharging {unknown}
 n - 2 scrolls of identify {unknown}
 o - a scroll of random uselessness {unknown}
 s - a scroll of magic mapping {unknown}
 u - a scroll of enchant armour {unknown}
 v - a scroll of fear {unknown}
Potions
 d - 4 potions of blood
 p - 2 potions of agility {unknown}
 r - a potion of degeneration {unknown}
 w - 2 potions of curing {unknown}
Books
 c - a book of Maledictions

   Spells                             Type                      Level
   a - Corona                         Hexes                        1
   b - Ensorcelled Hibernation        Hexes/Ice                    2
   c - Confuse                        Hexes                        3
   d - Tukima's Dance                 Hexes                        3
   e - Dazzling Spray                 Conjuration/Hexes            3


   Skills:
 + Level 3.2 Short Blades
 - Level 2.1 Dodging
 + Level 6.4 Stealth
 + Level 3.0 Spellcasting
 + Level 6.2 Hexes
 - Level 2.1 Ice Magic


You had 8 spell levels left.
You knew the following spells:

 Your Spells              Type           Power        Failure   Level  Hunger
a - Corona                Hex            ####...      1%          1    None
b - Ensorcelled Hibernat  Hex/Ice        ###...       2%          2    ##.....


Dungeon Overview and Level Annotations

Branches:
Dungeon (3/15)

Altars:
Ashenzari
Cheibriados

Portals:
Sewer: D:3


Innate Abilities, Weirdness & Mutations

You heal slowly.
You have razor-sharp teeth.
You have supernaturally acute eyesight.
You can survive without breathing.


Message History

The rat splashes around in the water.
Your unstable footing causes you to fumble your attack.
The river rat closely misses you. The river rat bites you. The rat bites you.
Your unstable footing causes you to fumble your attack.
You kill the river rat!
The river rat bites you but does no damage.
The rat bites you. The river rat closely misses you. The rat misses you.
There is a glowing drain here.
You see here a river rat corpse.
You hit the rat but do no damage.
The rat is poisoned.
You kill the rat!
The river rat barely misses you.
You hit the river rat but do no damage.
The river rat is poisoned.
The river rat bites you.
* * * LOW HITPOINT WARNING * * *
You closely miss the river rat.
The river rat is lightly wounded.
The river rat bites you!
You die...

##########
#≈≈≈#≈r..#
#†@≈#≈≈≈.#
#≈r≈+≈.≈.#
####
#'###≈≈..#
#...
#≈≈≈≈≈...#
#.##
#≈.≈≈....##
#.##
#.≈.......#
#...
#....$....#
####
####.#.##.#
# #...# # #


You could see a river rat.

Vanquished Creatures
  Grinder (D:3)
  2 adders (D:3)
  2 river rats (D:3)
  3 oozes (D:2)
  2 worms (D:3)
  3 dart slugs
  2 giant geckos (D:2)
  A giant cockroach (D:1)
  10 goblins
  3 hobgoblins
  5 jackals
  2 kobolds (D:1)
  A quokka (D:2)
  A ball python (D:3)
  3 bats
  A giant newt (D:2)
  11 rats
53 creatures vanquished.

Notes
Turn   | Place    | Note
--------------------------------------------------------------
     0 | D:1      | Minkie the Vampire Enchanter began the quest for the Orb.
     0 | D:1      | Reached XP level 1. HP: 13/13 MP: 3/3
   331 | D:1      | Reached XP level 2. HP: 16/19 MP: 5/5
   339 | D:1      | Learned a level 2 spell: Ensorcelled Hibernation
   883 | D:2      | Found a shattered altar of Ashenzari.
  1051 | D:2      | Reached skill level 5 in Hexes
  1081 | D:2      | Reached XP level 3. HP: 24/24 MP: 6/6
  1268 | D:2      | Reached skill level 1 in Ice Magic
  1316 | D:2      | Reached skill level 5 in Stealth
  1444 | D:2      | Found a snail-covered altar of Cheibriados.
  1695 | D:3      | Reached XP level 4. HP: 28/30 MP: 0/7
  1808 | D:3      | Noticed Grinder
  1827 | D:3      | Killed Grinder
  1827 | D:3      | Reached XP level 5. HP: 28/35 MP: 7/9
  1827 | D:3      | Reached XP level 6. HP: 32/41 MP: 7/10
  2012 | D:3      | Found a glowing drain.
  2031 | D:3      | Slain by a river rat

Vault maps used:
D:1:      lightli_arrival_maybe_door_vault
D:2:      lemuel_doored_altar, kennysheep_slug_shrine
D:3:      ecumenical_altar_2, portal_sewer_entry_e, uniq_grinder

Skill      XL: |  1  2  3  4 |
---------------+-------------+-----
Hexes          | 5 6 |  6.2
Ice Magic      | 1 2 |  2.1
Stealth        | 5 6 |  6.4
Short Blades   | 2 3 |  3.2
Spellcasting   | 3 |  3.0
Dodging        | |  2.1

Action                   |  1- 3 |  4- 6 || total
-------------------------+-------+-------++-------
Melee: Dagger            |   128 |    43 ||   171
       Bite              |     8 |     2 ||    10
 Cast: Ensorcelled Hiber |     5 |     6 ||    11
 Stab: Sleeping          |    12 |     6 ||    18
Armor: Robe              |    31 |     3 ||    34
Dodge: Dodged            |    84 |    45 ||   129
